cohdb
Replays
Latest Replays
All Replays
Popular Replays
Top Player Replays
Match Explorer
How It Works
Community
CoH3 Stats
Reddit
Sign in to upload your games and track your stats! →
Sign in with Steam
Match 43613524
Unlisted
Match 43613524
Overview
Messages
Build Orders
End
Selects Special Operations Battlegroup
Selects M29 Weasel Recon Vehicle
M29 Weasel Recon Vehicle
Construct Barracks
Riflemen Squad
Riflemen Squad
Riflemen Squad
Grenade Package
Mechanized Support Center
Selects Raiding Flares
Engineer Squad
Raiding Flares
Selects SSF Commando Squad
SSF Commando Squad
M1918 Browning Automatic Rifles
Construct Tank Depot
Raiding Flares
M4A1 Sherman Medium Tank
Raiding Flares
Designate Forward Repair Station
M4A1 Sherman Medium Tank
SSF Commando Squad
M4A1 Sherman Medium Tank
Raiding Flares
M4A1 76mm Conversion
Raiding Flares
Improvised Armor
Rapid Repairs
M4A1(76) Sherman Medium Tank
SSF Commando Squad
Raiding Flares
M4A1(76) Sherman Medium Tank
Raiding Flares
Construct Motor Pool
Selects P-47 Anti-Infantry Loiter
Selects Air Re-supply Operation
Selects M4A1 Sherman Whizbang
Bran
DrewP
Dillbro
Base rush noobs #
Bellic25
RadarContact
0
0
Comments
sign in to comment!
No comments posted yet!